 Dungeon Crawl Stone Soup version 0.29.0-4-gdea44cf6ec (webtiles) character file.

Game seed: 1352421778205680520

35 qw the Chopper (level 3, 0/21 HPs)
             Began as a Tengu Warper on Aug 28, 2022.
             Succumbed to their own poison gas
             ... on level 1 of the Dungeon.
             The game lasted 00:00:07 (1299 turns).

qw the Chopper (Tengu Warper)                       Turns: 1299, Time: 00:00:08

Health: 0/21       AC:  4    Str: 13    XL:     3   Next: 35%
Magic:  7/7        EV: 12    Int: 13    God:
Gold:   64         SH:  0    Dex: 13    Spells: 6/6 levels left

rFire   . . .      SeeInvis .   Y - +2 hand axe
rCold   . . .      Faith    .   (no shield)
rNeg    . . .      Spirit   .   b - +0 leather armour
rPois   .          Reflect  .   g - +1 hat
rElec   .          Harm     .   (no cloak)
rCorr   .          Rampage  .   (no gloves)
Will    .....                   (boots unavailable)
Stlth   +.........              (no amulet)
HPRegen 0.07/turn               (no ring)
MPRegen 0.10/turn               (no ring)

@: lethally poisoned (0 -> -6)
A: beak, talons 3
a: no special abilities


You were on level 1 of the Dungeon.
You visited 1 branch of the dungeon, and saw 1 of its levels.

You collected 64 gold pieces.


Innate Abilities, Weirdness & Mutations

You have a beak for a mouth.
You have claws for feet.


   Skills:
 - Level 2.0 Fighting
 + Level 4.1 Axes
 - Level 1.0 Throwing
 - Level 1.1 Armour
 - Level 2.1 Dodging
 - Level 2.0 Spellcasting
 - Level 2.4 Translocations


You had 6 spell levels left.
You didn't know any spells.
Your spell library contained the following spells:

 Spells                   Type           Power      Damage    Failure   Level
 Blink                    Tloc           14%        N/A       19%         2
 Gell's Gravitas          Tloc           7%         N/A       36%         3
 Lesser Beckoning         Tloc           7%         N/A       36%         3
 Teleport Other           Tloc           7%         N/A       36%         3
 Manifold Assault         Tloc           7%         N/A       98%         5

Inventory:

Hand Weapons
 e - a +0 whip
 Y - a +2 hand axe (weapon)
Armour
 b - a +0 leather armour (worn)
 g - a +1 hat (worn)
Scrolls
 h - a scroll of identify
Potions
 d - a potion of cancellation
 j - a potion of degeneration {unknown}

Dungeon Overview and Level Annotations

Branches:
Dungeon (1/15)

Altars:


Message History

The goblin hits you but does no damage.
You hit the goblin but do no damage. Your peck misses the goblin.
The goblin misses you. The goblin barely misses you.
You slash the goblin!
You kill the goblin!
h - 2 scrolls of identify (gained 1)
You now have 64 gold pieces (gained 44).
You see here a +0 dagger.
Done exploring.
Done exploring.
1292 ||| READING scroll labelled ZAIMNISE RUEL.
The air fills with toxic fumes!
As you read the scroll labelled ZAIMNISE RUEL, it crumbles to dust.
It was a scroll of poison.
Done exploring.
1293 ||| READING 2 scrolls of identify.
As you read the scroll of identify, it crumbles to dust.
d - a potion of cancellation;
1293 ||| IDENTIFYING cyan potion Done exploring.
1294 ||| DROPPING scroll of blinking.
You drop a scroll of blinking.
Done exploring.
(D) Dungeon
Where to? (* - list waypoints, ? - help)
What level of the Dungeon? (default 1, ? - help) Sorry, I don't know how to get there.
Done exploring.
1295 ||| Stepping randomly (stuck).
Really walk into that cloud of poison gas?
You are engulfed in poison gas.
You are poisoned.
You feel very sick.
1296 ||| Stepping ~*~*~tactically~*~*~ (cloud).
You feel very sick.
Things that are here:
a scroll of blinking; a +0 dagger
There is a lethal amount of poison in your body!
You feel sick.
There is a lethal amount of poison in your body!
You feel sick.
There is a lethal amount of poison in your body!
You die...

.#.#
#....................
.#.#
#........############
.#.# ########.# .#.#
#.# # ...## ###(# #
.##.## ######...# #
...#.#
#......########## ###
#.#.##
#.####¤0¤¤¤¤....# #..
#.#.# #.#¤@0¤¤¤¤#####.#
#.# #.#.# #.#¤¤¤0¤¤¤#
#.# #.#
..#.#########.#0¤¤0¤0¤#
#.# #.#
.##.##........0¤¤¤¤00¤#
#.# #.#
.##.##.######¤#¤0¤¤¤0¤#
#.# #.# .##.##.#
#¤#¤0¤0¤¤0## #.###)#
.##.##.# #.#¤¤0¤¤¤¤¤#
#...... .##.##.#
#.##00#¤0#¤# #..##.#
.##.##.#
#.##.#.#.#.####..##.#


There were no monsters in sight!

Vanquished Creatures
  A dart slug (D:1)
  5 endoplasms (D:1)
  A giant cockroach (D:1)
  A hobgoblin (D:1)
  4 ball pythons (D:1)
  5 bats (D:1)
  A frilled lizard (D:1)
  6 goblins (D:1)
  6 kobolds (D:1)
  2 rats (D:1)
32 creatures vanquished.

Notes
Turn   | Place    | Note
-------+----------+-------------------------------------------
     0 | D:1      | qw the Tengu Warper began the quest for the Orb.
     0 | D:1      | Reached XP level 1. HP: 12/12 MP: 4/4
     0 | D:1      | 0 ||| qw: Version: 0.1-a-89-g26bdef1
     0 | D:1      | 0 ||| qw: Game counter: 1104
     0 | D:1      | 0 ||| qw: Always use a shield: true
     0 | D:1      | 0 ||| qw: God list: Okawaru
     0 | D:1      | 0 ||| qw: Allow faded altars: false
     0 | D:1      | 0 ||| qw: Do Orc after D:15 true
     0 | D:1      | 0 ||| qw: Do second Lair branch before Depths: true
     0 | D:1      | 0 ||| qw: Lair rune preference: random
     0 | D:1      | 0 ||| qw: Plans: Normal
     0 | D:1      | 0 ||| PLANNING D:1-11
    70 | D:1      | Reached skill level 3 in Axes
    70 | D:1      | Reached XP level 2. HP: 8/17 MP: 6/6
    80 | D:1      | 80 ||| Stepping ~*~*~tactically~*~*~ (stealth).
   127 | D:1      | 127 ||| Stepping ~*~*~tactically~*~*~ (stealth).
   128 | D:1      | 128 ||| Stepping ~*~*~tactically~*~*~ (stealth).
   414 | D:1      | Found a faded altar of an unknown god.
   529 | D:1      | 529 ||| DROPPING +0 club.
   704 | D:1      | 704 ||| Stepping ~*~*~tactically~*~*~ (hiding).
   705 | D:1      | 705 ||| Stepping ~*~*~tactically~*~*~ (hiding).
   897 | D:1      | Reached XP level 3. HP: 21/21 MP: 7/7
   956 | D:1      | 956 ||| Stepping ~*~*~tactically~*~*~ (stealth).
  1053 | D:1      | 1053 ||| Stepping ~*~*~tactically~*~*~ (stealth).
  1122 | D:1      | Reached skill level 4 in Axes
  1271 | D:1      | 1271 ||| UPGRADING to +1 hat.
  1276 | D:1      | 1276 ||| READING 2 scrolls labelled UMMUAPP RINAEL.
  1277 | D:1      | 1277 ||| READING scroll of enchant weapon.
  1277 | D:1      | 1277 ||| ENCHANTING +1 hand axe.
  1278 | D:1      | 1278 ||| READING 2 scrolls labelled VET HOMEVOZUS.
  1279 | D:1      | 1279 ||| READING scroll labelled BOSADA FUSEGY.
  1292 | D:1      | 1292 ||| READING scroll labelled ZAIMNISE RUEL.
  1293 | D:1      | 1293 ||| READING 2 scrolls of identify.
  1293 | D:1      | 1293 ||| IDENTIFYING cyan potion
  1294 | D:1      | 1294 ||| DROPPING scroll of blinking.
  1295 | D:1      | 1295 ||| Stepping randomly (stuck).
  1296 | D:1      | 1296 ||| Stepping ~*~*~tactically~*~*~ (cloud).
  1296 | D:1      | HP: 5/21 [poisoned by you (poison gas)]
  1298 | D:1      | HP: 1/21 [poisoned by you (poison gas)]
  1299 | D:1      | Succumbed to their own poison gas

Levels and vault maps discovered:
D:1:      ebering_trefoil_3fold, layout_loops_ring,
          hellmonk_ecumenical_altar_zigzags

Skill      XL: |  1  2  3 |
---------------+----------+-----
Axes           | 3 4 |  4.1
Fighting       | |  2.0
Throwing       | |  1.0
Armour         | |  1.1
Dodging        | |  2.1
Spellcasting   | |  2.0
Translocations | |  2.4

Action                   || total
-------------------------++-------
Melee: Hand axe          ||    65
       Kick              ||    11
       Peck              ||     8
Throw: Boomerang         ||     7
  Use: Scroll            ||     6
 Stab: Distracted        ||     1
Armor: Leather armour    ||    15
Dodge: Dodged            ||    31

Table legend:
 A = Non-vault XP
 B = Vault XP
 C = Vault XP percentage of total XP
 D = Non-vault monster count
 E = Vault monster count
 F = Vault count percentage of total count
                 A         B        C        D         E       F
            +---------+---------+-------+---------+---------+-------
      Total |      51 |       0 |   0.0 |      32 |       0 |   0.0
            +---------+---------+-------+---------+---------+-------
        D:1 |      51 |       0 |   0.0 |      32 |       0 |   0.0
            +---------+---------+-------+---------+---------+-------
